Cogmind - Beta 16.1 @@@ ROGUE MODE // 2026.04.24 @ 16:45:37 Player: N.W.L. Result: Destroyed by as-61857 with Assembled F-torch Performance ------------- Evolutions (0) 0 Regions Visited (0) 0 Robots Destroyed (6) 30 Value Destroyed (35) 35 Prototype IDs (0) 0 Alien Tech Used (0) 0 Bonus (0) 0 TOTAL SCORE: 65 Bonus ------- None Cogmind --------- Core Integrity 0/250 Matter 249/300 Energy 125/125 System Corruption 5% Temperature Cool (40) Movement Treading (160) Location -11/Scrapyard Parts ------- > --- POWER (1) -------- Light Ion Engine > --- PROPULSION (2) --- Light Treads Light Treads > --- UTILITY (2) ------ Small Storage Unit > --- WEAPON (2) ------- Assault Rifle > --- INVENTORY (8) ---- Light Ion Engine Improved Terrain Scanner Improved Terrain Scanner Tractor Beam Mining Laser Peak State ------------ > --- POWER ------------ Light Ion Engine > --- PROPULSION ------- Light Treads Light Treads > --- UTILITY ---------- Improved Terrain Scanner Improved Terrain Scanner > --- WEAPON ----------- Assault Rifle Light Assault Rifle > --- INVENTORY -------- Light Ion Engine Small Storage Unit Tractor Beam EM Pulse Gun [Rating: 11] Favorites ----------- Power Light Ion Engine Engine Light Ion Engine Propulsion Light Treads Treads Light Treads Utility Small Storage Unit Device Improved Terrain Scanner Storage Small Storage Unit Weapon Assault Rifle Energy Gun EM Pulse Gun Ballistic Gun Assault Rifle Special Weapon Mining Laser Build | -11 ------- Run | Yrd Slots Evolved . | . Power . | . Propulsion . | . Utility . | . Weapon . | . Parts Attached 11 | 11 Power 1 | 1 Engine 1 | 1 Core . | . Reactor . | . Propulsion 2 | 2 Treads 2 | 2 Leg . | . Wheel . | . Hover . | . Flight . | . Utility 4 | 4 Device 3 | 3 Storage 1 | 1 Processor . | . Hackware . | . Protection . | . Artifact . | . Weapon 4 | 4 Energy Gun 1 | 1 Energy Cannon . | . Ballistic Gun 2 | 2 Ballistic Cannon . | . Launcher . | . Special Weapon 1 | 1 Impact Weapon . | . Slashing Weapon . | . Piercing Weapon . | . Special Melee Weapon . | . Unidentified Prototypes . | . Parts Lost 3 | 3 Power . | . Propulsion . | . Utility 1 | 1 Weapon 2 | 2 Highest Loss Streak 1 | 1 To Critical Strikes . | . Average Backups 3 | 3 Power . | . Propulsion . | . Utility 1 | 1 Weapon 1 | 1 Tool/Special . | . Unused Backups 3 | 3 Power 2 | 2 Propulsion . | . Utility 1 | 1 Weapon . | . Tool/Special . | . Average Slot Usage (%) . | . Peak Build Rating 11 | 11 Average Rating 8 | 8 On Entrance . | . Avg Prop Armor Cover (%) 20 | 20 Naked Turns . | . Heaviest Build 13 | 13 Greatest Support 40 | 40 Greatest Overweight (x) 3 | 3 Average Overweight (x) 2 | 2 Largest Inventory Capacity 8 | 8 Average Capacity 7 | 7 Most Carried 6 | 6 Average Carried 3 | 3 Final Capacity 8 | 8 Final Carried 5 | 5 Class Distribution -------------------- None Dominant Class ---------------- None Resources | -11 ----------- Run | Yrd Matter Collected 491 | 491 Remotely . | . Salvage Created 339 | 339 Parts 15 | 15 Haulers Intercepted . | . Recyclers Shooed . | . Parts Field Recycled . | . Retrieved Matter . | . Parts Self-Destructed . | . Prevented . | . Parts Restored . | . Kills | -11 ------- Run | Yrd Combat Hostiles Destroyed 9 | 9 Guns 9 | 9 Classes Destroyed 4 | 4 Worker 1 | 1 Tunneler 4 | 4 Recycler 1 | 1 Assembled 9 | 9 Best Kill Streak 5 | 5 Combat Bots Only 5 | 5 Max Kills in Single Turn 1 | 1 Gunslinging . | . Exploded . | . Melee . | . Uniques/NPCs Destroyed . | . Combat | -11 -------- Run | Yrd Hostile Shots Fired 51 | 51 Missed 12 | 12 Hits 39 | 39 Melee 12 | 12 Projectile 27 | 27 Critical Strikes 2 | 2 Part Disruptions 2 | 2 Damage Taken 686 | 686 Core 256 | 256 Absorbed by Shields . | . Core Remaining (%) . | . Volleys Fired 88 | 88 Largest 2 | 2 Hottest 100 | 100 Shots Fired 138 | 138 Gun 111 | 111 Cannon . | . Launcher . | . Special 27 | 27 Kinetic 105 | 105 Thermal 27 | 27 Explosive . | . Electromagnetic 6 | 6 Robot Hit Streak 11 | 11 Robot Miss Streak 4 | 4 Penetration Max . | . Secondary Targets 1 | 1 Max Gunslinging Chain 1 | 1 Shots Hit Robots 64 | 64 Core Hits 31 | 31 Critical Kills . | . Critical Parts Destroyed 1 | 1 Critical Strikes 1 | 1 Destroy 1 | 1 Melee Attacks . | . Impact . | . Slashing . | . Piercing . | . Sneak Attacks . | . Combat Hostiles . | . Follow-up Attacks . | . Damage Inflicted 667 | 667 Guns 667 | 667 Cannons . | . Explosions . | . Melee . | . Ramming . | . Kinetic 614 | 614 Thermal . | . Explosive . | . Electromagnetic 53 | 53 Impact . | . Slashing . | . Piercing . | . Highest Corruption 5 | 5 Average Corruption 4 | 4 Corruption Purged . | . Corruption Blocked . | . Effects 4 | 4 Matter Fused 2 | 2 Energy Discharges 1 | 1 Data Loss (minor) 1 | 1 Overload Shots . | . Overflow Damage . | . Projectiles . | . Explosions . | . Melee . | . Knockbacks . | . Impact . | . Kinetic . | . Secondary . | . Self-Inflicted Damage . | . Shots . | . Rammed . | . Targets Rammed . | . Kicked . | . Crushed . | . Highest Temperature 120 | 120 Average Temperature 41 | 41 Received Heat Transfer 280 | 280 Siege Activations . | . Martial Activations . | . Shielding Activations . | . Robots Disrupted . | . Combat Hostiles . | . Robots Corrupted . | . Combat Hostiles . | . Parts Fried . | . Impact Corruptions . | . Robots Melted . | . Combat Hostiles . | . Parts Melted . | . Heat Transferred . | . Parts Sabotaged . | . Parts Stolen . | . Parts Stripped . | . Power Chain Reactions . | . Alert | -11 ------- Run | Yrd Maximum Alert Level . | . Low Security (%) 100 | 100 Level 1 . | . Level 2 . | . Level 3 . | . Level 4 . | . Level 5 . | . High Security . | . Max Security . | . Peak Influence 15 | 15 Initial . | . Average . | . Influence Increases 30 | 30 Destroy 0b10 Robot/NC 30 | 30 Influence Decreases 30 | 30 Time Decay 15 | 15 Lost Part 15 | 15 Squads Dispatched . | . Investigation . | . Extermination . | . Reinforcement . | . Assault . | . Garrison . | . Intercept . | . Searches Triggered . | . Construction Impeded . | . Haulers Reinforced . | . Active Scanning Responses . | . Cargo Convoy Interrupts . | . Stealth | -11 --------- Run | Yrd Distress Signals . | . Communications Jammed . | . Distress Signals . | . Times Spotted 15 | 15 Peak Tracking Total 4 | 4 Tactical Retreats 3 | 3 Traps | -11 ------- Run | Yrd Traps Triggered . | . Indirectly . | . Trap Hack Attempts . | . Triggered . | . Disarmed . | . Reprogrammed . | . Reused . | . Traps Extracted . | . Installed . | . Triggered . | . Machines | -11 ---------- Run | Yrd Machines Disabled . | . Max in Single Turn . | . Machines Repaired . | . Machines Dismantled . | . Machines Sabotaged . | . Overloaded Fab Kills . | . Hacking | -11 --------- Run | Yrd Machines Accessed . | . Terminals . | . Fabricators . | . Repair Stations . | . Recycling Units . | . Scanalyzers . | . Garrison Access . | . Total Hacks . | . Successful . | . Failed . | . Catastrophic . | . Database Lockouts . | . Manual . | . Terminals . | . Fabricators . | . Repair Stations . | . Recycling Units . | . Scanalyzers . | . Garrison Access . | . Terminal Hacks . | . Fabricator Hacks . | . Repair Station Hacks . | . Recycling Unit Hacks . | . Scanalyzer . | . Garrison Access Hacks . | . Unauthorized Hacks . | . Terminals . | . Fabricators . | . Repair Stations . | . Recycling Units . | . Scanalyzers . | . Garrison Access . | . Data Cores Recovered . | . Used . | . Hacking Detections . | . Full Trace Events . | . Feedback Events . | . Feedback Blocked . | . Robot Schematics Acquired . | . Robots Built . | . Authchips . | . Time . | . Total Robot Build Rating . | . Part Schematics Acquired . | . Parts Built . | . Authchips . | . Time . | . Total Part Build Rating . | . Part Studies Acquired . | . Parts Repaired . | . Time . | . Parts Recycled . | . Recycled Matter . | . Retrieved Matter . | . Retrieved Components . | . Parts Scanalyzed . | . Part Schematics Acquired . | . Parts Damaged . | . Bothacking | -11 ------------ Run | Yrd Used RIF Installer . | . Robots Hacked . | . Non-combat . | . Combat . | . Robot Hacks Applied . | . Relay Couplers Released . | . Fabnet Peak Effective % . | . Robots Rewired . | . Allies Hacked . | . Hacks Repelled . | . Allies | -11 -------- Run | Yrd Total Allies . | . Largest Group . | . Highest-Rated Group . | . Highest-Rated Ally . | . Total Orders . | . Ally Attacks . | . Total Damage . | . Kills . | . Allies Corrupted . | . Allies Melted . | . Intel | -11 ------- Run | Yrd Active Infowar (turns) 6167 | 6167 Terrain 5983 | 5983 Seismic 184 | 184 Robot Analysis Total . | . Derelict Logs Recovered . | . Drone Launches . | . Drone Recoveries . | . Exploration | -11 ------------- Run | Yrd Turns Passed 6925 | 6925 Spaces Moved 1484 | 1484 Core 1151 | 1151 Treads 333 | 333 Legs . | . Wheels . | . Hover . | . Flight . | . Fastest Speed 50 | 50 Average Speed 189 | 189 Slowest Speed 200 | 200 Overloaded Moves . | . Propulsion Burnouts . | . Robots Hopped . | . Potential Cave-ins . | . Cave-ins Triggered . | . Exploration Rate (%) 56 | 56 Regions Visited . Branch Regions . Pre-discovered Areas . | . Known Exits Taken . | . Unknown Exits Taken . | . Scrap Searched . | . Spaces Dug 3 | 3 Terrain Destroyed 7 | 7 Melee . | . Projectile 7 | 7 AOE . | . Terrain Rammed . | . Walls Destroyed . | . Machines Disabled . | . Actions | -11 --------- Run | Yrd Total 5405 | 5405 Wait 3811 | 3811 Move 1484 | 1484 Hop . | . Pick Up 7 | 7 Fast Attach 7 | 7 Attach 2 | 2 Detach 1 | 1 Swap 4 | 4 Drop 1 | 1 Fire 88 | 88 Melee . | . Ram . | . Kick . | . Crush . | . Escape Stasis . | . Rewire . | . Trap . | . Miscellaneous . | . Route ------- -11/Scrapyard (discovered 1 exit: [*Mat]) History --------- Turn | Location | Event 10 | -11/Scrapyard | Discovered new exit (range 16) 6651 | -11/Scrapyard | Assembled infested the area 6832 | -11/Scrapyard | Core integrity fell below 50% 6916 | -11/Scrapyard | Core integrity fell below 20% 6926 | -11/Scrapyard | Destroyed by as-61857 with Assembled F-torch Last Messages --------------- 06815_ as-55824 destroyed. 06818_ Acquired 2 matter. 06828_ Critical hit (Burn: +80). 06835_ Seismic Detector destroyed. 06835_ System corrupted by crushing effect (+4). 06837_ as-97639 destroyed. 06841_ System corrupted: Matter fused (-6). 06853_ as-12547 destroyed. 06857_ Acquired 19 matter. 06860_ System corrupted: Matter fused (-10). 06872_ as-05924 destroyed. 06885_ as-88311 destroyed. 06886_ System corrupted: Energy discharge (-40). 06889_ Acquired 14 matter. 06904_ as-61903 destroyed. 06907_ Acquired 19 matter. 06913_ System corrupted: Component data lost. 06914_ Critical hit (Burn: +80). 06918_ Lgt. Assault Rifle destroyed. 06918_ System corrupted by crushing effect (+1). Map ----- +----------------------------------------------------+ | ?????????????????????# ##???# #??### | | ?????????????????????# # ##?#?#?????#?# | | ????????????#???????########## #???#?????#?## | | ?????????????????????##?????## #?#?#????##### | | ##???????????????????#???#?#?# #????#?####### | | ## ???????????????????##??#?# ###????##?######## | | ?#?#?????????????#?????#?#???# # #??#??######?##? | | ?????#????????????????#??????# #????##?######?# | | # ??##????????????#????##?#?## #########?# ? | | #??#?##????????????#######???# # ### ? | | ?###?#?#???????????## ##### # ## | | ??#?#####????#??????# # ## | | ##??#?##???????????## ## | | ?#########??????????# ######## ## | | ?##?##?#?##?????????## ##??????# ## | | ?###??#?????#???????## #???#???# ## | | ??####?##????????????# #??#????# ## | | ##??#####??#???????#?# #??##??## ######### | | ##?#####??##%#####??## #################### | | ###?########!= ? # # # ## | | #?###?###?##! ?# # # ## | | #####?####?# ?# # # ## | | ######## # # # ## | | ##?##### #=%# # ## | | ##?##### %!a # ## | | ####??## #= #@ # ## | | ####??## #%!# a # ## | | ##################% ######### # #######? | | ###########?### #??#?# # ??##?#?# | | ## ##### ###### # ? #?##?### | | ## #?### ###### ### ############ | | ## ### ##### | | = * | | ==! ### ############# ##### | | ## ### = *= #####= < ## ? ??#### # | | # #= = =##?## ## #???# # | | # # = * ###?########### ##??# # | | # #### ####?###########?# ?#??# # | | # ##?# #??##?#####?????## #?### # | | # ##?# ##?#?############# ###?# # | | # ##?# ######## # #??########## | | # #??# ###?#### # #??###?###?#? | | # #?## # # # #?#?####?#### | | # #### # # ##########?##?????###? | | ######### # # #?#?#?#??#?###??##???? | | ?# # # # ?#???#?##########?###?# | | ?# # # # ????????#??##?####?###?# | | ## # ?#??######?##?##??##### | | ## # ########## ########## #?#?#?##?????? | | ?# # ####???#?#??## | +----------------------------------------------------+ Best States ------------- Heat Dissipation 25 Energy Generation 10 Energy Capacity 125 Matter Stores 300 Matter Capacity 300 Sight Range 16 Terrain Scan Range 16 Terrain Scan Density 10 Evasion (%) 40 Recoil Reduction 2 Item Schematics ----------------- None Robot Schematics ------------------ None Fabricated ------------ Nothing Repaired ---------- Nothing Studied --------- None Alien Tech Used ----------------- None Achievements -------------- None Challenges ------------ None Game ------ Seed ThiefDiametricCyclogen Manual? 0 Play Time 00:19:38 Cumulative 597.5 hours Start 2026.04.24 @ 16:35:39 End 2026.04.24 @ 16:45:37 Sessions 0 Manual Loads 0 Difficulty Rogue Special Mode None Game No. 237 Rogue 237 Adventurer 0 Explorer 0 Win Type - Total 23 Types 10/2/7/1/0/0/0/2/0/1 Lore% 92 Gallery% 83 Achievement% 64 Wizard Run 0 Options --------- Layout 0 ASCII 0 Keyboard 1 Movement Numpad Keybinds 0 Fullscreen 2 Font 18/SmallcapsGlow Map View 76x50 Zoom Use 0% Tactical HUD 1 Map Filters NONE Filters NONE Steam 1 RUN: 8b279552-84df-4f2d-b529-11a4d4c0ae07